 Dungeon Crawl Stone Soup version 0.23.0-3-gf3c87f2 (webtiles) character file.

Game seed: 4818752935347517654

72 Borgoz the Sneak (level 4, -2/35 HPs)
             Began as a Ghoul Enchanter on Feb 24, 2019.
             Killed from afar by Natasha (7 damage)
             ... with a magic dart
             ... on level 2 of the Dungeon.
             The game lasted 00:03:40 (1318 turns).

Borgoz the Sneak (Ghoul Enchanter)                  Turns: 1318, Time: 00:03:41

Health: -2/35      AC:  3    Str: 11      XL:     4   Next: 25%
Magic:  2/5        EV: 12    Int:  9 (10) God:
Gold:   97         SH:  0    Dex:  9 (10) Spells: 3/6 levels left

rFire    . . .     SeeInvis .   a - +1 dagger
rCold    + . .     Gourm    .   (no shield)
rNeg     + + +     Faith    .   b - +1 robe
rPois    ∞         Spirit   .   (no helmet)
rElec    .         Reflect  .   (no cloak)
rCorr    .         Harm     .   (no gloves)
MR       .....                  (no boots)
Stlth    ++........             (no amulet)
HPRegen  0.00/turn              (no ring)
MPRegen  0.09/turn              (no ring)

@: rotting, hasted, very quick
A: rotting body, claws 1, carnivore, cold resistance 1, negative energy
resistance 3, inhibited regeneration, torment resistance, unbreathing
a: no special abilities


You were on level 2 of the Dungeon.
You were not hungry.

You visited 1 branch of the dungeon, and saw 3 of its levels.

You collected 97 gold pieces.

Inventory:

Hand Weapons
 a - a +1 dagger (weapon)
Armour
 b - a +1 robe (worn)
 n - a cursed -1 ring mail
Scrolls
 c - 2 scrolls of identify {unknown}
 e - a scroll of fog {unknown}
 f - a scroll of amnesia {unknown}
 g - a scroll of remove curse {unknown}
 k - 2 scrolls of enchant armour
 l - a scroll of magic mapping {unknown}
 m - a scroll of teleportation {unknown}
 p - a scroll of enchant weapon {unknown}
Comestibles
 d - 6 rations


   Skills:
 + Level 1.4 Fighting
 * Level 2.1 Short Blades
 + Level 2.2 Dodging
 + Level 3.4 Stealth
 - Level 1.7 Spellcasting
 * Level 3.0 Hexes


You had 3 spell levels left.
You knew the following spells:

 Your Spells              Type           Power        Failure   Level  Hunger
a - Corona                Hex            #......      10%         1    ##.....
b - Ensorcelled Hibernat  Hex/Ice        #.....       28%         2    ###....

Your spell library contained the following spells:

 Spells                   Type           Power        Failure   Level  Hunger
 Confuse                  Hex            #.......     30%         3    ####...
 Tukima's Dance           Hex            #.......     30%         3    ####...
 Dazzling Spray           Conj/Hex       #.....       50%         3    ####...


Dungeon Overview and Level Annotations

Branches:
Dungeon (3/15)

Altars:
Gozag
Qazlal

Annotations:
D:2 Natasha


Innate Abilities, Weirdness & Mutations

Your body is rotting away.
You thrive on raw meat.
You are immune to poison.
You have sharp fingernails.
You are carnivorous and can eat meat at any time.
Your flesh is cold resistant. (rC+)
You are immune to negative energy. (rN+++)
You do not regenerate when monsters are visible.
You are immune to unholy pain and torment.
You can survive without breathing.


Message History

You hit Natasha.
Natasha is moderately wounded.
You aren't carrying any items that you can evoke.
Casting: Ensorcelled Hibernation (safe; 28% risk of failure)
Confirm with . or Enter, or press ? or * to list all spells.
You don't have enough magic to cast that spell.
You barely miss Natasha.
Natasha is moderately wounded.
Natasha claws you.
* * * LOW HITPOINT WARNING * * *
You barely miss Natasha.
Natasha is moderately wounded.
You closely miss Natasha.
Natasha is moderately wounded.
Natasha casts a spell.
You closely miss Natasha.
Natasha is moderately wounded.
Natasha stares at you and mumbles some strange words.
The magic dart hits you!
You die...

## ###..##..... .......
...###........... .......
.#.....#.#....... .......
........<........ .......
######........... .......
####.......... ....h..##
#.............
........#####.............
<.......#@.......÷........
........h.#######.#.......
......5...# #.........
........#..# #.........
.......###... #.........
#.....# ###. #.........
###### # #......... ####
####.......
#..###..##......


You could see Natasha and a crimson imp.

Vanquished Creatures
  Natasha (D:2)
  An adder (D:2)
  2 dart slugs (D:1)
  A leopard gecko (D:1)
  4 giant cockroaches
  4 hobgoblins
  A quokka (D:2)
  4 bats
  2 frilled lizards
  5 goblins
  3 kobolds
  5 rats
33 creatures vanquished.

Notes
Turn   | Place    | Note
-------+----------+-------------------------------------------
     0 | D:1      | Borgoz the Ghoul Enchanter began the quest for the Orb.
     0 | D:1      | Reached XP level 1. HP: 14/14 MP: 2/2
    19 | D:1      | Reached skill level 1 in Short Blades
    39 | D:1      | Reached XP level 2. HP: 15/22 MP: 3/3
   462 | D:2      | Found an opulent altar of Gozag.
   482 | D:2      | Reached XP level 3. HP: 11/27 MP: 4/4
   690 | D:1      | Reached skill level 1 in Fighting
  1145 | D:2      | Noticed Natasha
  1157 | D:2      | Killed Natasha
  1157 | D:2      | Reached XP level 4. HP: 17/35 MP: 5/5
  1256 | D:2      | Found a stormy altar of Qazlal.
  1294 | D:2      | Noticed Natasha
  1302 | D:2      | Learned a level 2 spell: Ensorcelled Hibernation
  1318 | D:2      | Killed from afar by Natasha

Skill      XL: |  1  2  3 |
---------------+----------+-----
Short Blades   | 1 2 |  2.1
Dodging        | 2 |  2.2
Fighting       | 1 |  1.4
Hexes          | 3 |  3.0
Stealth        | |  3.4
Spellcasting   | |  1.7

Action                   |  1- 3 |  4- 6 || total
-------------------------+-------+-------++-------
Melee: Dagger            |   145 |    14 ||   159
 Cast: Ensorcelled Hiber |       |     2 ||     2
  Use: Potion            |     3 |     3 ||     6
       Scroll            |     2 |       ||     2
 Stab: Sleeping          |     8 |       ||     8
  Eat: Chunk             |     8 |     2 ||    10
Armor: Robe              |    26 |     1 ||    27
Dodge: Dodged            |    84 |     5 ||    89
